 Dungeon Crawl Stone Soup version 0.27-a0-650-g8dd3ea4f36 (webtiles) character file.

Game seed: 3897039431246347830

15 inc the Scratcher (level 2, -3/14 HPs)
             Began as a Felid Chaos Knight on Mar 15, 2021.
             Was a Plaything of Xom.
             Slain by a hobgoblin
             ... wielding a +0 spear
              (8 damage)
             ... on level 1 of the Dungeon.
             The game lasted 00:01:03 (541 turns).

inc the Scratcher (Felid Chaos Knight)               Turns: 541, Time: 00:01:04

Health: -3/14      AC:  1    Str:  8    XL:     2   Next: 34%
Magic:  3/3        EV: 17    Int: 13    God:    Xom [......]
Gold:   10         SH:  0    Dex: 15    Spells: 1/1 levels left
                                        Lives:  0   Deaths: 0

rFire    . . .     SeeInvis +     - Unarmed
rCold    . . .     Faith    .   (shield unavailable)
rNeg     . . .     Spirit   .   (armour unavailable)
rPois    .         Reflect  .   (helmet unavailable)
rElec    .         Harm     .   (cloak unavailable)
rCorr    .         Rampage  .   (gloves unavailable)
Will     .....                  (boots unavailable)
Stlth    ++........             (no amulet)
HPRegen  0.04/turn              (no ring)
MPRegen  0.08/turn              (no ring)

@: quick
A: very small, claws 1, fangs 3, see invisible, speed 1, shaggy fur 1, stealthy
paws, no weapons or thrown items, no armour, multi-lived
a: Renounce Religion


You were on level 1 of the Dungeon.
You worshipped Xom.
You were a very special plaything of Xom.
You visited 1 branch of the dungeon, and saw 2 of its levels.

You collected 10 gold pieces.

Inventory:

Scrolls
 a - 2 scrolls of identify {unknown}
Potions
 b - a potion of mutation {unknown}
 c - a potion of flight {unknown}


   Skills:
 - Level 3.0 Fighting
 - Level 3.2 Dodging
 + Level 3.8 Unarmed Combat


You had one spell level left.
You didn't know any spells.
Your spell library was empty.

Dungeon Overview and Level Annotations

Branches:
Dungeon (2/15)

Altars:

Annotations:
D:2 Natasha


Innate Abilities, Weirdness & Mutations

You have sharp claws.
You have razor-sharp teeth.
You have supernaturally acute eyesight. (SInv)
You cover ground quickly. (Speed+)
You are covered in fur. (AC +1)
Your stealthy paws help you sneak and pounce on unaware monsters.
You are incapable of wielding weapons or throwing items.
You cannot wear armour.
You gain extra lives every three experience levels.


Message History

A rat comes into view.
Found a ruby potion.
A rat comes into view.
You see here 8 gold pieces.
There are monsters nearby!
A frilled lizard comes into view.
A giant cockroach comes into view.
The frilled lizard hisses angrily.
Found 2 gold pieces.
You scratch the rat.
You kill the rat!
You scratch the giant cockroach.
You kill the giant cockroach!
The frilled lizard bites you.
Found a leather armour.
You scratch the frilled lizard.
You kill the frilled lizard!
No target in view!
No target in view!
No target in view!
No target in view!
You start resting. "Let's see if it's strong enough to survive yet."
Unknown command.
The shadow imp barely misses you.
You see here 8 gold pieces.
A hobgoblin comes into view. It is wielding a +0 spear.
The hobgoblin shouts!
The hobgoblin hits you with a +0 spear.
You see here a jackal corpse.
The hobgoblin hits you from afar with a +0 spear.
There is a stone staircase leading down here.
You climb downwards. 2 jackals and Natasha come into view.
Found a scale mail.
There is a stone staircase leading up here.
You climb upwards.
The hobgoblin hits you from afar with a +0 spear!
Ouch! That really hurt!
You die...

$.!......5## #..........
..#.....#.## .##...#......
.......##..# #######.###..#......
.####...##.###...#......)........
##..##†##.......^♣♣♣♣........
#....5.........♣♣PP.♣.######
......##........♣PP..♣♣♣....##
####.......3....♣PP...P♣.....#
.......#...@.....).P♣♣......
..........g..#.♣♣♣...♣♣......
...........#.....♣♣♣♣[♣.......
.............#####♣♣♣♣.......#
......#.#.....###.÷...#...#.
..#...............##........
#...............######.#..
####..........####...#†...
#.?.........#÷'.<÷+÷...


You could see a sun demon (summoned), a shadow imp (summoned) and a hobgoblin.

Vanquished Creatures
  A leopard gecko (D:1)
  A giant cockroach (D:1)
  2 goblins (D:1)
  4 jackals (D:1)
  2 frilled lizards (D:1)
  A kobold (D:1)
  3 rats (D:1)
14 creatures vanquished.

Vanquished Creatures (others)
  3 plants (D:1)
3 creatures vanquished.

Grand Total: 17 creatures vanquished

Notes
Turn   | Place    | Note
-------+----------+-------------------------------------------
     0 | D:1      | inc the Felid Chaos Knight began the quest for the Orb.
     0 | D:1      | Reached XP level 1. HP: 10/10 MP: 2/2
    19 | D:1      | XOM: potion effect (might)
    84 | D:1      | XOM: silly message
   159 | D:1      | Reached XP level 2. HP: 4/14 MP: 3/3
   523 | D:1      | XOM: summons 2 hostile demons
   524 | D:1      | Noticed a sun demon
   539 | D:2      | Noticed Natasha
   541 | D:1      | Slain by a hobgoblin

Illustrated notes

Levels and vault maps discovered:
D:1:      dpeg_arrival_tiny_h, layout_rooms, serial_forest,
          infiniplex_forest_lined_ring, infiniplex_forest_end_2,
          infiniplex_forest_clump_small, infiniplex_forest_corner_1,
          infiniplex_forest_diagonal, infiniplex_forest_straight_1,
          infiniplex_forest_end_2, evilmike_ruin_ashenzari
D:2:      layout_basic, uniq_natasha

Action                   || total
-------------------------++-------
Melee: Unarmed           ||    38
       Bite              ||     4
Armor: Skin              ||     1
Dodge: Dodged            ||    26

Table legend: (Time is in decaauts)
 A = Elapsed time spent in this place.
 B = Non-inter-level travel time spent in this place.
 C = Inter-level travel time spent in this place.
 D = Time resting spent in this place.
 E = Time spent auto-exploring this place.
 F = Levels seen in this place.
 G = Mean time per level.
                   A        B        C        D        E       F      G
               +--------+--------+--------+--------+--------+-----+--------+
         Total |    499 |    499 |      0 |    257 |     74 |   2 |  249.5 |
       Dungeon |    499 |    499 |      0 |    257 |     74 |   2 |  249.5 |
               +--------+--------+--------+--------+--------+-----+--------+

Top non-repeatable levels by time:
     D:1: 497 daAuts
     D:2: 1 daAuts
